 Dungeon Crawl Stone Soup version 0.27-a0-819-g058290f16d (webtiles) character file.

Game seed: 13871653219083360229

96 HoaS the Magician (level 4, 0/31 HPs)
             Began as a Djinni Ice Elementalist on Mar 29, 2021.
             Slain by a phantom (1 damage)
             ... on level 2 of the Dungeon.
             The game lasted 00:09:02 (4032 turns).

HoaS the Magician (Djinni Ice Elementalist)         Turns: 4032, Time: 00:09:03

Health: 0/31       AC:  3    Str:  7    XL:     4   Next: 67%
Gold:   1786       EV: 12    Int: 18    God:
                   SH:  0    Dex: 13

rFire    + + .     SeeInvis +   e - +1 dagger
rCold    x . .     Faith    .   (no shield)
rNeg     . . .     Spirit   .   a - +0 robe
rPois    ∞         Reflect  .   (no helmet)
rElec    .         Harm     .   (no cloak)
rCorr    .         Rampage  .   h - +0 pair of gloves
Will     .....                  (boots unavailable)
Stlth    ++........             (no amulet)
HPRegen  0.10/turn              c - ring of see invisible
MPRegen  0.00/turn              (no ring)

@: flying
A: fire resistance 2, cold vulnerability 1, float, innate caster, hp casting,
extra vitality 1
a: no special abilities


You were on level 2 of the Dungeon.
You visited 1 branch of the dungeon, and saw 3 of its levels.

You collected 1786 gold pieces.

Inventory:

Hand Weapons
 e - a +1 dagger (weapon)
Armour
 a - a +0 robe (worn)
 h - a +0 pair of gloves (worn)
Jewellery
 c - a ring of see invisible (left hand)
 i - a ring of fire
Wands
 g - a wand of polymorph (8)
Scrolls
 b - 3 scrolls of identify
Potions
 d - a potion of mutation
 f - a potion of lignification


   Skills:
 - Level 2.1 Dodging
 - Level 1.5 Stealth
 + Level 5.1 Spellcasting


You couldn't memorise any spells.
You knew the following spells:

 Your Spells              Type           Power      Damage    Failure   Level
a - Freeze                Ice            92%        1d10      1%          1
b - Frozen Ramparts       Ice            46%        1d6       4%          3
c - Ozocubu's Armour      Ice            23%        N/A       4%          3
d - Hailstorm             Conj/Ice       23%        3d7       16%         4
e - Summon Ice Beast      Ice/Summ       23%        N/A       16%         4
f - Animate Skeleton      Necr           46%        N/A       1%          1
Your spell library was empty.

Dungeon Overview and Level Annotations

Branches:
Dungeon (3/15)

Altars:

Shops:
D:3 *

Annotations:
D:3 Robin


Innate Abilities, Weirdness & Mutations

You are immune to poison.
Your flesh is very heat resistant. (rF++)
You are vulnerable to cold. (rC-)
You float through the air rather than walking.
You learn spells naturally, not from books.
Your magical power is your life essence.
You have superior vitality. (+4 HP)


Message History

You barely miss the phantom.
The phantom is lightly damaged.
The phantom completely resists.
The wall freezes the phantom but does no damage.
The phantom closely misses you.
You are too injured to fight recklessly!
Casting: Frozen Ramparts (dangerous; 4% risk of failure)
Confirm with . or Enter, or press ? or * to list all spells.
Aiming: Freeze (safe; 1% risk of failure)
Press: ? - help, Shift-Dir - straight line, f - phantom
Aim: a phantom (lightly damaged)
You freeze the phantom but do no damage.
The phantom completely resists.
* * * LOW HITPOINT WARNING * * *
The phantom completely resists.
The wall freezes the phantom but does no damage.
The phantom closely misses you.
Casting: Freeze (safe; 1% risk of failure)
Confirm with . or Enter, or press ? or * to list all spells.
Aiming: Freeze (safe; 1% risk of failure)
Press: ? - help, Shift-Dir - straight line, f/p - phantom
Aim: a phantom (lightly damaged)
You freeze the phantom but do no damage.
The phantom completely resists.
* * * LOW HITPOINT WARNING * * *
The phantom completely resists.
The wall freezes the phantom but does no damage.
The phantom closely misses you.
Your frozen ramparts will break if you move.
Continue?
The frozen ramparts melt away as you move.
You see here a ball python corpse.
Casting: Freeze (safe; 1% risk of failure)
Confirm with . or Enter, or press ? or * to list all spells.
You attempt to give life to the dead...
Before your eyes, flesh is ripped from the corpse!
The dead are slithering!
* * * LOW HITPOINT WARNING * * *
The phantom barely misses you. The phantom hits you.
You die...

#..#.####
#..#.##.#
#.##....#
#.#####.#
#.......#
######<.######
#.......#
#####
#.#####.#
#...#
#.@WZ...#
#.#.#
######..#
#.#)#
#..####.#.#
#.......#.#
#.........#
###########


You could see a phantom (ally target) and a friendly ball python skeleton.

Vanquished Creatures
  Terence (D:3)
  An adder (D:3)
  2 worms
  3 dart slugs (D:1)
  2 bats
  8 endoplasms
  3 giant cockroaches
  2 hobgoblins
  3 jackals (D:1)
  3 quokkas
  7 ball pythons
  4 frilled lizards
  4 goblins
  2 kobolds
  4 rats
49 creatures vanquished.

Notes
Turn   | Place    | Note
-------+----------+-------------------------------------------
     0 | D:1      | HoaS the Djinni Ice Elementalist began the quest for the
                  | Orb.
     0 | D:1      | Reached XP level 1. HP: 15/15 MP: 0/0
   452 | D:1      | Identified a scroll of acquirement
   452 | D:1      | Acquired 623 gold pieces
   473 | D:1      | Reached skill level 4 in Spellcasting
   473 | D:1      | Reached XP level 2. HP: 16/21 MP: 0/0
   950 | D:1      | Reached XP level 3. HP: 22/25 MP: 0/0
   950 | D:1      | Learned a level 1 spell: Animate Skeleton
  2781 | D:3      | Noticed Robin
  2984 | D:2      | You are sucked into a shaft and drop 1 floor!
  3023 | D:3      | Found Kituw's Assorted Antiques.
  3268 | D:3      | Acquired 1009 gold pieces
  3340 | D:3      | Reached XP level 4. HP: 29/31 MP: 0/0
  3362 | D:3      | Noticed Terence
  3400 | D:3      | Killed Terence
  3401 | D:3      | Reached skill level 5 in Spellcasting
  3768 | D:2      | Noticed a phantom
  4032 | D:2      | Slain by a phantom

Illustrated notes

Levels and vault maps discovered:
D:1:      kennysheep_arrival_forest, layout_loops_ring
D:2:      layout_basic, nemelex_altar_shiori, minmay_octomino_c4
D:3:      layout_rooms, serial_glass, glass_columns_b, glass_columns_a,
          glass_columns_b, glass_columns_a, glass_columns_a, glass_columns_b,
          serial_shops, shop, uniq_robin, uniq_terence

Skill      XL: |  1  2  3  4 |
---------------+-------------+-----
Spellcasting   | 4 5 |  5.1
Dodging        | |  2.1
Stealth        | |  1.5

Action                   |  1- 3 |  4- 6 || total
-------------------------+-------+-------++-------
Melee: Unarmed           |     4 |       ||     4
       Dagger            |     6 |    10 ||    16
 Cast: Freeze            |    68 |    24 ||    92
       Animate Skeleton  |     2 |     2 ||     4
       Frozen Ramparts   |       |     2 ||     2
  Use: Scroll            |     7 |       ||     7
 Stab: Sleeping          |     1 |       ||     1
Armor: Robe              |     5 |     3 ||     8
Dodge: Dodged            |    50 |    31 ||    81

Table legend: (Time is in decaauts)
 A = Elapsed time spent in this place.
 B = Non-inter-level travel time spent in this place.
 C = Inter-level travel time spent in this place.
 D = Time resting spent in this place.
 E = Time spent auto-exploring this place.
 F = Levels seen in this place.
 G = Mean time per level.
                   A        B        C        D        E       F      G
               +--------+--------+--------+--------+--------+-----+--------+
         Total |   4037 |   3787 |    250 |   2030 |   1125 |   3 | 1345.7 |
       Dungeon |   4037 |   3787 |    250 |   2030 |   1125 |   3 | 1345.7 |
               +--------+--------+--------+--------+--------+-----+--------+

Top non-repeatable levels by time:
     D:1: 2574 daAuts
     D:2: 879 daAuts
     D:3: 584 daAuts
